 Dungeon Crawl Stone Soup version 0.23-a0-767-gdc19b93d68 (webtiles) character file.

125 Oravi the Vexing (level 5, 0/37 HPs)
             Began as a Formicid Arcane Marksman on Jan 26, 2019.
             Was an Initiate of Okawaru.
             Slain by Grinder (4 damage)
             ... on level 3 of the Dungeon.
             The game lasted 00:13:04 (3253 turns).

Oravi the Vexing (Formicid Arcane Marksman)         Turns: 3253, Time: 00:13:05

Health: 0/37       AC:  3    Str: 15    XL:     5   Next: 30%
Magic:  3/8        EV: 11    Int: 13    God:    Okawaru [......]
Gold:   123        SH:  0    Dex: 11    Spells: 2/8 levels left

rFire    . . .     SeeInvis +   a - +0 hunting sling
rCold    . . .     Gourm    .   (no shield)
rNeg     . . .     Faith    .   t - +0 leather armour
rPois    .         Spirit   .   (helmet unavailable)
rElec    .         Reflect  .   (no cloak)
rCorr    .         Harm     .   (no gloves)
MR       .....                  (no boots)
Stlth    +.........             (no amulet)
HPRegen  0.12/turn              (no ring)
MPRegen  0.11/turn              (no ring)

@: no status effects
A: permanent stasis, dig shafts and tunnels, four strong arms, antennae 3
a: Dig, Shaft Self, Renounce Religion


You were on level 3 of the Dungeon.
You worshipped Okawaru.
Okawaru was noncommittal.
You were not hungry.

You visited 1 branch of the dungeon, and saw 3 of its levels.

You collected 123 gold pieces.

Inventory:

Hand Weapons
 a - a +0 hunting sling (weapon)
 g - a +2 dagger of speed
Missiles
 d - 31 sling bullets (quivered)
 h - 20 arrows
 m - 21 stones
 q - 10 poisoned needles
Armour
 e - a +0 robe
 t - a +0 leather armour (worn)
Scrolls
 c - a scroll of fear {unknown}
 k - 2 scrolls of enchant weapon {unknown}
 n - 5 scrolls of remove curse {@r2}
 p - a scroll of random uselessness {unknown}
 s - a scroll of immolation {unknown}
 u - 2 scrolls of teleportation {unknown}
 v - a scroll of blinking {unknown}
 y - a scroll of fog {unknown}
Potions
 b - a potion of mutation
 i - a potion of heal wounds
 j - 2 potions of brilliance {unknown}
 l - 2 potions of flight {unknown}
 o - a potion of lignification {unknown}
 r - a potion of invisibility {unknown}
 x - a potion of curing {unknown}
 z - a potion of agility {unknown}
Comestibles
 f - 10 rations


   Skills:
 - Level 1.1 Fighting
 * Level 4.3 Slings
 - Level 1.7 Dodging
 + Level 2.4 Spellcasting
 + Level 4.6 Hexes


You had 2 spell levels left.
You knew the following spells:

 Your Spells              Type           Power        Failure   Level  Hunger
a - Corona                Hex            ##.....      4%          1    #......
b - Slow                  Hex            ##......     7%          2    ###....
c - Portal Projectile     Hex/Tloc       #.....       34%         3    ###....

Your spell library contained the following spells:

 Spells                   Type           Power        Failure   Level  Hunger
 Inner Flame              Hex/Fire       #.......     34%         3    ###....
 Cause Fear               Hex            ##........   41%         4    #####..
 Leda's Liquefaction      Hex/Erth       #.........   75%         4    #####..


Dungeon Overview and Level Annotations

Branches:
Dungeon (3/15)

Altars:
Okawaru
Ru
Trog

Annotations:
D:3 Grinder


Innate Abilities, Weirdness & Mutations

You cannot be hasted, slowed, berserked, paralysed or teleported.
You can dig through walls and to a lower floor.
Your four strong arms can wield two-handed weapons with a shield.
You have a pair of large antennae on your head. (SInv)


Message History

Firing (i - inventory. (/) - cycle)
d - 34 sling bullets (quivered)
Aim: Grinder (severely wounded, slow, softly glowing)
You shoot a sling bullet.
The sling bullet hits Grinder but does no damage.
Grinder is severely wounded.
Firing (i - inventory. (/) - cycle)
d - 33 sling bullets (quivered)
Aim: Grinder (severely wounded, slow, softly glowing)
You shoot a sling bullet.
The sling bullet hits Grinder but does no damage.
Grinder is severely wounded.
Grinder stops glowing.
Grinder barely misses you.
All of the chunks of flesh in your inventory have rotted away.
Firing (i - inventory. (/) - cycle)
d - 32 sling bullets (quivered)
Aim: Grinder (severely wounded, slow)
You shoot a sling bullet. The sling bullet hits Grinder.
Grinder is severely wounded.
Grinder hits you!
* * * LOW HITPOINT WARNING * * *
You writhe in agony.
You die...

#.# #.# #.# #.#
###########.######
#...).............
#.#########.#####.
#.# ##...## #.
###@## #.....# #.
#.5#.# ##...## #.
#(#.## ##.## ##
#.### #.# #.# #.#
#.# ##'## #.#
##...## #.#
##.....## #.#
##.......##


You could see Grinder.

Vanquished Creatures
  A gnoll (D:1)
  4 adders (D:3)
  2 worms (D:2)
  2 dart slugs (D:1)
  4 leopard geckos
  4 giant cockroaches
  8 goblins
  7 hobgoblins
  6 jackals (D:2)
  A quokka (D:3)
  5 bats
  5 frilled lizards
  6 kobolds
  7 rats
62 creatures vanquished.

Notes
Turn   | Place    | Note
-------+----------+-------------------------------------------
     0 | D:1      | Oravi the Formicid Arcane Marksman began the quest for the
                  | Orb.
     0 | D:1      | Reached XP level 1. HP: 15/15 MP: 2/2
   151 | D:1      | Reached XP level 2. HP: 14/21 MP: 2/4
   155 | D:1      | Learned a level 2 spell: Slow
   924 | D:1      | Reached XP level 3. HP: 20/26 MP: 3/5
  1511 | D:2      | Reached XP level 4. HP: 28/32 MP: 6/6
  1896 | D:2      | Found a sacrificial altar of Ru.
  2698 | D:3      | Reached XP level 5. HP: 30/37 MP: 6/8
  2703 | D:3      | Learned a level 3 spell: Portal Projectile
  3057 | D:3      | Found an iron altar of Okawaru.
  3070 | D:3      | Found a bloodstained altar of Trog.
  3080 | D:3      | Became a worshipper of Warmaster Okawaru
  3219 | D:3      | Noticed Grinder
  3253 | D:3      | Slain by Grinder

Vault maps used:
D:1:      scummos_arrival_gate, nrook_mini_vaults, grunt_decor_mini_mirrors
D:2:      palyth_stone_intersect, nicolae_ru_awakened_eye
D:3:      amethyst_overflow_temple_binary, minmay_misc_feat_five,
          kennysheep_cross_bottleneck, uniq_grinder

Skill      XL: |  1  2  3  4 |
---------------+-------------+-----
Slings         | 3 4 |  4.3
Hexes          | 4 |  4.6
Spellcasting   | 2 |  2.4
Fighting       | |  1.1
Dodging        | |  1.7

Action                   |  1- 3 |  4- 6 || total
-------------------------+-------+-------++-------
 Fire: Hunting sling     |    83 |   130 ||   213
 Cast: Corona            |    24 |    37 ||    61
       Slow              |     9 |     6 ||    15
  Use: Scroll            |     1 |     3 ||     4
  Eat: Chunk             |     3 |     7 ||    10
Armor: Robe              |     5 |       ||     5
       Leather armour    |       |     8 ||     8
Dodge: Dodged            |    31 |    28 ||    59

Table legend:
 A = Non-vault XP
 B = Vault XP
 C = Vault XP percentage of total XP
 D = Non-vault monster count
 E = Vault monster count
 F = Vault count percentage of total count
                 A         B        C        D         E       F
            +---------+---------+-------+---------+---------+-------
      Total |     179 |       0 |   0.0 |      62 |       0 |   0.0
            +---------+---------+-------+---------+---------+-------
        D:1 |      63 |       0 |   0.0 |      24 |       0 |   0.0
        D:2 |      39 |       0 |   0.0 |      19 |       0 |   0.0
        D:3 |      77 |       0 |   0.0 |      19 |       0 |   0.0
            +---------+---------+-------+---------+---------+-------
